 Dungeon Crawl Stone Soup version 0.31-a0-851-g7ff8af7976 (webtiles) character file.

Game seed: 13530329648655168948

24 Kurtz the Sneak (level 2, -3/24 HPs)
             Began as a Mummy Delver on Oct 6, 2023.
             Slain by a worm (6 damage)
             ... on level 2 of the Dungeon.
             The game lasted 00:00:59 (1063 turns).

Kurtz the Sneak (Mummy Delver)                      Turns: 1063, Time: 00:01:00

Health: -3/24      AC:  3    Str: 15    XL:     2   Next: 79%
Magic:  2/2        EV: 11    Int:  9    God:
Gold:   95         SH:  0    Dex: 13    Spells: 1/1 levels left

rFire   x . .        a - +0 hand axe
rCold   + . .        (no shield)
rNeg    + + +        b - +0 leather armour
rPois   ∞            (no helmet)
rElec   .            (no cloak)
rCorr   .            (no gloves)
SInv    .            (no boots)
Will    .....        (no amulet)
Stlth   ++           (no ring)
HPRegen 0.24/turn    (no ring)
MPRegen 0.08/turn

%: faith
@: no status effects
A: cold resistance 1, negative energy resistance 3, torment resistance 2, heat
vulnerability 1, in touch with death 1, no potions, faith
a: no special abilities


You were on level 2 of the Dungeon.
You visited 1 branch of the dungeon, and saw 5 of its levels.

You collected 95 gold pieces.

Inventory:

Hand Weapons
 a - a +0 hand axe (weapon)
Armour
 b - a +0 leather armour (worn)
Wands
 f - a wand of digging (3)
Scrolls
 c - 2 scrolls of fog
 d - 2 scrolls of revelation
 e - 2 scrolls of fear
 g - a scroll of identify {unknown}
 h - a scroll of brand weapon {unknown}


   Skills:
 - Level 3.0 Fighting
 * Level 2.8 Axes
 - Level 1.5 Dodging
 - Level 4.1 Stealth


You had one spell level left.
You didn't know any spells.
Your spell library contained the following spells:

 Spells                   Type           Power      Damage    Failure   Level
 Sandblast                Erth           0%         2d4       45%         1
 Passwall                 Tmut/Erth      0%         N/A       58%         2
 Stone Arrow              Conj/Erth      0%         3d7       83%         3
 Brom's Barrelling Bould  Conj/Erth      0%         2d3       99%         4


Dungeon Overview and Level Annotations

Branches:
Dungeon (5/15)
 Temple: D:4-7

Altars:


Innate Abilities, Weirdness & Mutations

You are immune to poison.
Your flesh is cold resistant. (rC+)
You are immune to negative energy. (rN+++)
You are immune to unholy pain and torment.
You are vulnerable to heat. (rF-)
You are in touch with the powers of death.
You do not drink.
You have a special connection with the divine. (Faith)


Message History

The rat twitches its whiskers.
The rat barely misses you.
You hit the rat but do no damage.
The kobold shouts!
The kobold throws a stone.
The stone hits you but does no damage. The rat closely misses you.
The kobold throws a stone.
The stone hits you but does no damage. The rat bites you.
You hit the rat but do no damage. The rat barely misses you.
You hit the rat but do no damage. The rat bites you but does no damage.
You hit the rat.
You kill the rat!
You barely miss the worm. The worm barely misses you.
Unknown command.
You slash the kobold!
You kill the kobold!
You hit the worm. You hit the worm.
The worm is moderately wounded.
The worm barely misses you.
Unknown command.
You hit the worm.
The worm is moderately wounded.
The worm bites you!
You hit the worm.
The worm is heavily wounded.
You hit the worm. You punch the worm.
The worm is heavily wounded.
The worm bites you.
You hit the worm.
The worm is severely wounded.
The worm bites you!
* * * LOW HITPOINT WARNING * * *
You are too injured to fight recklessly!
You hit the worm but do no damage.
The worm is heavily wounded.
You are too injured to fight recklessly!
You barely miss the worm.
The worm is heavily wounded.
The worm bites you.
You die...

#.# #.# #.# #.######
##########......#
................+
#..#...)..#
#####.......@.#
#.....#######w.#
#.###.##.[...#.....
#.....#.#.....#.....
#..##.#..#######....
#.###|....#..#.....#....
#.#...##..#..#.(...#....
#.#.#.<...#..#.....#....
#.#.#..#...#.#...


You could see a worm.

Vanquished Creatures
  A dart slug (D:1)
  3 ball pythons (D:1)
  An endoplasm (D:1)
  4 giant cockroaches (D:1)
  A goblin (D:1)
  2 jackals (D:1)
  A quokka (D:1)
  A bat (D:2)
  4 kobolds
  2 rats
20 creatures vanquished.

Notes
Turn   | Place    | Note
-------+----------+-------------------------------------------
     0 | D:5      | Kurtz the Mummy Delver began the quest for the Orb.
     0 | D:5      | Reached XP level 1. HP: 18/18 MP: 1/1
    21 | D:5      | Noticed Sigmund
   302 | D:1      | Reached XP level 2. HP: 20/24 MP: 2/2
  1063 | D:2      | Slain by a worm

Illustrated notes

Levels and vault maps discovered:
D:1:      kilobyte_arrival_exit_the_forest, layout_basic, skrybe_limestone_x,
          columned_hall_lemuel
D:2:      layout_basic, minmay_3d_cube
D:3:      layout_basic
D:4:      layout_gridville, serial_shops, shop
D:5:      layout_layer_cave, mainiacjoe_overflow_alcove_4,
          nicolae_kikubaaqudgha_miasma_corner, lemuel_temple_firewalk_b,
          minmay_circle_x, uniq_sigmund, uniq_eustachio

Skill      XL: |  1 |
---------------+----+-----
Axes           | 2 |  2.8
Fighting       | |  3.0
Dodging        | |  1.5
Stealth        | |  4.1

Action                     || total
---------------------------++-------
  Melee: Hand axe          ||    84
         Punch             ||     1
   Stab: Sleeping          ||     2
 Armour: Leather armour    ||    56
  Dodge: Dodged            ||    52

Table legend: (Time is in decaauts)
 A = Elapsed time spent in this place.
 B = Non-inter-level travel time spent in this place.
 C = Inter-level travel time spent in this place.
 D = Time resting spent in this place.
 E = Time spent auto-exploring this place.
 F = Levels seen in this place.
 G = Mean time per level.
                   A        B        C        D        E       F      G
               +--------+--------+--------+--------+--------+-----+--------+
         Total |   1087 |   1054 |     33 |     89 |    704 |   5 |  217.4 |
       Dungeon |   1087 |   1054 |     33 |     89 |    704 |   5 |  217.4 |
               +--------+--------+--------+--------+--------+-----+--------+

Top non-repeatable levels by time:
     D:1: 841 daAuts
     D:2: 149 daAuts
     D:4: 44 daAuts
     D:5: 36 daAuts
     D:3: 14 daAuts
